Map: Tokamak LE

Players

ManlyManMeat

  • Race: Protoss Protoss
  • League: Master
  • Spawn Location: 7:00

Zolwik - Winner!

  • Race: Zerg Zerg
  • League: Platinum
  • Spawn Location: 1:00

VOD

Have the link to the VOD?

Description

Time

  • Played on: June 16, 2025, 3:13 a.m.
  • Length: 11:59
Show
View Real Time Build Order
Export as new Build Order

ManlyManMeat Protoss 

Build Orders: 1 Gate Expand, Oracle Opening, Carriers 

Get SALT Encoding   

  12  0:00  Probe  
  13  0:12  Probe  
  14  0:19  Pylon  
  14  0:22  Probe  
  15  0:33  Probe  
  15  0:42  Gateway  
  16  0:45  Assimilator  
  16  0:55  Probe  
  17  1:07  Probe  
  18  1:19  Probe  
  19  1:34  Nexus  
  19  1:42  Cybernetics Core  
  19  1:53  Gateway, Zealot  
  19  1:56  Probe  
  22  2:09  Warp Gate, Pylon  
  22  2:12  Probe  
  23  2:27  Adept  
  25  2:30  Probe  
  25  2:34  Assimilator  
  26  2:40  Stalker  
  28  2:46  Probe  
  29  2:58  Stargate, Probe  
  29  3:05  Probe  
  30  3:10  Probe  
  32  3:13  Probe  
  33  3:23  Probe x2  
  35  3:33  Stargate, Probe  
  35  3:35  Probe  
  37  3:43  Oracle  
  37  3:44  Probe  
  37  3:47  Probe  
  39  3:48  Assimilator  
  39  3:55  Probe  
  42  3:59  Probe  
  42  4:02  Gateway  
  44  4:04  Gateway  
  44  4:08  Probe  
  44  4:09  Gateway  
  45  4:15  Stalker  
  45  4:18  Probe  
  46  4:42  Pylon  
  46  4:46  Pylon  
  46  4:47  Pylon  
  46  4:48  Shield Battery  
  46  4:56  Probe  
  46  4:58  Protoss Air Weapons Level 1  
  46  5:00  Probe  
  46  5:05  Fleet Beacon  
  48  5:08  Probe  
  48  5:12  Probe  
  50  5:24  Probe  
  51  5:31  Void Ray  
  51  5:34  Phoenix  
  59  5:40  Assimilator  
  59  5:41  Void Ray  
  59  5:46  Probe x2  
  61  5:51  Pylon, Stalker  
  61  5:53  Sentry  
  65  6:15  Carrier  
  71  6:35  Carrier  
  77  6:58  Nexus  
  77  6:59  Pylon  
  77  7:02  Pylon  
  77  7:05  Pylon x3  
  77  7:06  Pylon  
  77  7:08  Pylon  
  77  7:09  Carrier  
  82  7:30  Carrier  
  85  7:46  Zealot x4  
  85  7:47  Zealot  
  95  8:14  Carrier  
  95  8:15  Nexus  
  95  8:17  Zealot x5  
  111  8:34  Carrier  
  105  8:39  Probe  
  105  8:40  Probe  
  103  8:43  Phoenix  
  103  8:44  Pylon  
  109  8:49  Stalker x2  
  109  8:52  Probe x2  
  115  9:01  Twilight Council  
  115  9:04  Probe x2  
  115  9:08  Carrier  
  123  9:25  Carrier  
  105  9:54  Carrier  
  105  9:55  Assimilator  
  105  10:04  Robotics Facility, Zealot x5  
  121  10:15  Carrier  
  121  10:21  Probe  
  121  10:24  Pylon  
  121  10:27  Shield Battery  
  122  10:28  Shield Battery  
  122  10:33  Probe  
  129  10:45  Probe  
  130  10:51  Nexus  
  130  10:54  Observer  
  131  11:02  Assimilator  
  131  11:05  Forge  
  126  11:33  Zealot  
  126  11:34  Zealot x4  
  80  11:54  Zealot x5  
Show
View Real Time Build Order
Export as new Build Order

Zolwik Zerg - Winner!

Build Orders: Hatch First 

Get SALT Encoding   

  12  0:01  Drone  
  13  0:28  Hatchery  
  12  0:32  Drone  
  14  0:35  Drone  
  14  0:44  Overlord  
  14  1:03  Drone x2  
  16  1:15  Spawning Pool  
  15  1:21  Drone x2  
  17  1:28  Drone  
  18  1:34  Extractor  
  17  1:40  Drone  
  17  1:42  Drone  
  19  1:48  Drone  
  19  1:51  Drone  
  21  2:01  Drone  
  22  2:04  Zergling x2  
  22  2:05  Queen  
  22  2:07  Queen  
  27  2:13  Drone  
  28  2:15  Overlord  
  28  2:34  Metabolic Boost  
  28  2:36  Drone x4  
  32  2:43  Drone  
  33  2:58  Drone x3  
  36  2:59  Extractor  
  35  3:12  Drone  
  36  3:14  Overlord  
  36  3:15  Overlord  
  36  3:19  Hatchery  
  35  3:23  Lair  
  35  3:42  Zergling x2  
  35  3:43  Zergling x10  
  41  3:50  Drone  
  42  4:01  Drone x4  
  46  4:19  Drone x3  
  46  4:20  Drone  
  50  4:27  Extractor  
  50  4:30  Extractor  
  48  4:33  Infestation Pit  
  48  4:35  Hydralisk Den  
  48  4:36  Evolution Chamber  
  48  4:37  Drone x5  
  50  4:39  Evolution Chamber  
  50  4:40  Evolution Chamber  
  48  4:49  Drone x8  
  56  5:00  Spore Crawler  
  56  5:04  Drone x3, Spore Crawler  
  56  5:05  Drone  
  56  5:06  Overlord  
  58  5:12  Muscular Augments  
  58  5:14  Zerg Melee Weapons Level 1, Zerg Missile Weapons Level 1  
  58  5:20  Queen  
  56  5:29  Drone  
  56  5:30  Drone  
  56  5:31  Drone x4  
  56  5:32  Drone x2  
  64  5:40  Spore Crawler  
  64  5:41  Hydralisk  
  65  5:47  Drone  
  65  5:49  Overlord  
  66  5:50  Overlord x4  
  66  5:52  Zerg Ground Armor Level 1  
  66  6:00  Hive  
  66  6:07  Drone  
  67  6:11  Drone x5  
  72  6:18  Hydralisk  
  72  6:19  Hydralisk x2  
  78  6:31  Extractor  
  77  6:32  Extractor  
  77  6:33  Hydralisk  
  77  6:34  Hydralisk x5  
  88  6:43  Hatchery  
  87  6:55  Grooved Spines  
  87  6:57  Hydralisk  
  87  6:58  Hydralisk x3  
  87  7:01  Overlord x5  
  95  7:32  Hydralisk x7  
  109  7:43  Overlord x4  
  109  7:44  Overlord x2  
  109  7:46  Overseer  
  109  7:48  Pneumatized Carapace  
  109  7:58  Drone x8  
  117  8:05  Drone x2  
  118  8:25  Zergling x6  
  118  8:26  Zergling x12  
  97  8:38  Hydralisk x7  
  97  8:39  Hydralisk x4  
  111  8:44  Drone  
  111  8:45  Drone x2  
  114  8:48  Queen  
  114  8:54  Zerg Ground Armor Level 2, Zerg Missile Weapons Level 2  
  116  8:56  Zerg Melee Weapons Level 2  
  116  9:02  Hydralisk  
  116  9:03  Drone, Hydralisk  
  121  9:17  Hydralisk  
  121  9:18  Hydralisk x4  
  102  9:42  Hydralisk  
  102  9:43  Hydralisk x7  
  110  9:46  Zergling x18  
  110  9:47  Zergling x12  
  125  9:54  Hydralisk x2  
  129  10:02  Zergling x2  
  129  10:03  Zergling x2  
  129  10:06  Adrenal Glands  
  131  10:19  Hydralisk  
  131  10:20  Hydralisk x3  
  139  10:22  Zergling x2  
  139  10:23  Zergling x12  
  146  10:33  Hydralisk  
  146  10:34  Hydralisk x3  
  146  10:35  Zergling x4  
  155  10:36  Zergling x2  
  157  10:45  Overlord  
  157  10:46  Overseer  
  157  10:48  Overlord x2  
  157  11:03  Hydralisk x9  
  175  11:04  Zergling x2  
  175  11:05  Zergling x6  
  175  11:08  Hatchery  
  178  11:12  Unknown  
Tags
 
Add a new tag
Caveats
  • Supply blocks, unpowered buildings, or Contaminate may cause inaccurate times.
  • Supply counts are checked every 10 seconds.